 Dungeon Crawl Stone Soup version 0.31.0-32-g396128a36d (webtiles) character file.

Game seed: 17725732025114099926

3236 imdaedric the Ruffian (level 9, -7/80 HPs)
             Began as a Troll Gladiator on Apr 22, 2024.
             Was a Believer of Okawaru.
             Mangled by a vault guard
             ... wielding a +0 broad axe
              (12 damage)
             ... in a bailey.
             The game lasted 00:13:46 (5575 turns).

imdaedric the Ruffian (Troll Gladiator)             Turns: 5575, Time: 00:13:46

Health: -7/80      AC: 10    Str: 28    XL:     9   Next: 66%
Magic:  8/8        EV: 10    Int:  4    God:    Okawaru [**....]
Gold:   332        SH:  0    Dex: 11    Spells: 8/8 levels left

rFire   + .          .
                       - Unarmed
rCold   + . .        (no shield)
rNeg    . . .        k - +2 steam dragon scales
rPois   +            a - +1 hat "Virhioqu" {Harm rPois}
rElec   .            H - scarf {rC+ rF+}
rCorr   .            (gloves unavailable)
SInv    +            (boots unavailable)
Will    .....        (no amulet)
Stlth   +            u - ring of see invisible
HPRegen 1.13/turn    (no ring)
MPRegen 0.11/turn

%: harm (+30% outgoing, +20% incoming), clarity
@: hasted, very quick
A: large, unfitting armour, claws 3, regeneration 1, shaggy fur 1, tough skin 1,
clarity, frail 1
a: Renounce Religion, Heroism


You were in a bailey.
You worshipped Okawaru.
Okawaru was pleased with you.
You visited 2 branches of the dungeon, and saw 8 of its levels.
You also visited: Bailey.

You collected 332 gold pieces.

Inventory:

Missiles
 c - 3 throwing nets
 d - a large rock
 z - 25 poisoned darts (quivered)
Armour
 a - the +1 hat "Virhioqu" (worn) {Harm rPois}
   (You acquired it on level 7 of the Dungeon)

   rPois:     It protects you from poison Harm: It increases damage dealt and
   taken.
 k - +2 steam dragon scales (worn)
 H - a scarf of resistance (worn)
Jewellery
 u - a ring of see invisible (left claw)
Talismans
 j - a blade talisman
Wands
 f - a wand of iceblast (9)
 p - a wand of mindburst (16)
 v - a wand of polymorph (12)
 A - a wand of light (5)
Scrolls
 e - 3 scrolls of immolation
 g - 2 scrolls of poison
 r - a scroll of enchant weapon
 t - a scroll of fog
 w - 2 scrolls of fear
 x - a scroll of teleportation
 y - 2 scrolls of revelation
 F - 2 scrolls of blinking
Potions
 h - 2 potions of might {unknown}
 i - 2 potions of enlightenment {unknown}
 l - a potion of haste
 m - 2 potions of attraction
 s - a potion of ambrosia {unknown}
 G - a potion of berserk rage {unknown}


   Skills:
 + Level 6.0 Fighting
 - Level 0.3 Maces & Flails
 + Level 6.5 Throwing
 - Level 2.8 Dodging
 + Level 7.6 Unarmed Combat
 + Level 5.4 Shapeshifting


You had 8 spell levels left.
You didn't know any spells.
Your spell library contained the following spells:

 Spells                   Type           Power      Damage    Failure   Level
 Freeze                   Ice            0%         1d3       50%         1
 Necrotise                Necr           0%         1d4       50%         1
 Scorch                   Fire           0%         2d5       65%         2
 Frozen Ramparts          Ice            0%         1d1       86%         3
 Gell's Gravitas          Tloc           0%         N/A       86%         3
 Hailstorm                Conj/Ice       0%         3d5       86%         3
 Teleport Other           Tloc           0%         N/A       86%         3
 Vampiric Draining        Necr           0%         2d6       86%         3
 Flame Wave               Conj/Fire      0%         2d4       99%         4
 Vhi's Electric Charge    Tloc/Air       0%         N/A       99%         4
 Arcjolt                  Conj/Air       0%         1d10      100%        5
 Curse of Agony           Necr           0%         N/A       100%        5
 Dispersal                Tloc           0%         N/A       100%        6
 Maxwell's Capacitive Co  Air            0%         ∞         100%        8
 Martyr's Knell           Necr/Summ      Unusable   N/A       N/A         4
 Summon Cactus Giant      Summ           Unusable   N/A       N/A         6

Dungeon Overview and Level Annotations

Branches:
Dungeon (7/15)             Temple (1/1) D:6          Bailey (1/1)

Altars:
Ashenzari
Cheibriados
Elyvilon
Fedhas
Gozag
Hepliaklqana
Kikubaaqudgha
Nemelex Xobeh
Okawaru
Qazlal
Ru
Sif Muna
Uskayaw
Vehumet
Wu Jian
Xom
Yredelemnul
Zin
The Shining One

Annotations:
D:6 2 runed translucent doors, Curundu's ghost, novice MiBe
D:7 3 runed translucent doors, runthedishwasher's ghost, novice OpCj Bailey Prince Ribbit


Innate Abilities, Weirdness & Mutations

You are too large for most types of armour.
You have claws for hands.
Your natural rate of healing is unusually fast.
You are covered in fur. (AC +1)
You have tough skin. (AC +1)
You possess an exceptional clarity of mind.
You are frail. (-10% HP)


Message History

The vault guard hits you with a +0 broad axe!!
You scratch the vault guard but do no damage.
The vault guard is lightly wounded.
Prince Ribbit hits you.
You closely miss the vault guard.
The vault guard is lightly wounded.
Prince Ribbit blinks!
The vault guard barely misses you.
You barely miss the vault guard.
The vault guard is lightly wounded.
You barely miss the vault guard. You claw the vault guard!
The vault guard is moderately wounded.
The vault guard hits you with a +0 broad axe!!
You scratch the vault guard but do no damage.
The vault guard is moderately wounded.
The vault guard hits you with a +0 broad axe!
* * * LOW HITPOINT WARNING * * *
You mangle the vault guard!!
The vault guard is severely wounded.
You scratch the vault guard but do no damage.
The vault guard is severely wounded.
The vault guard hits you with a +0 broad axe.
* * * LOW HITPOINT WARNING * * *
You scratch the vault guard but do no damage.
The vault guard is severely wounded.
You claw the vault guard!
The vault guard is severely wounded.
The vault guard misses you.
Prince Ribbit hits you but does no damage.
You barely miss the vault guard.
The vault guard is severely wounded.
You closely miss the vault guard.
The vault guard is severely wounded.
Prince Ribbit blinks!
The vault guard barely misses you.
You scratch the vault guard but do no damage.
The vault guard is severely wounded.
Prince Ribbit catches a mosquito with his tongue.
Prince Ribbit hits you!
* * * LOW HITPOINT WARNING * * *
The vault guard hits you with a +0 broad axe!
You die...

~## ####### ###
###≈≈≈≈≈###
..#+##≈≈~~~~~≈≈##
....#≈~~~~~~~~~≈##
....##≈~~~~~~~~~≈#
######≈~~......~#######
..#≈≈≈~~~.~..~.##....!##
..#.........~..#.§...??#
)†'..~~~~..~...'@p∩...)#
).#~~≈≈≈≈~~....#.F...!?#
..#≈≈####≈≈~...##....!##
###### ###≈~..~#######
##≈.~~~# #≈.~~## #≈.~##
+.###


You could see a vault guard and Prince Ribbit.

Vanquished Creatures
  2 humans (Bailey)
  A steam dragon (D:6)
  Menkaure (D:7)
  A water moccasin (D:5)
  Duvessa (D:4)
  2 ice beasts
  A black bear (D:4)
  2 ogres
  12 bullfrogs
  A kobold brigand (D:6)
  Blork the orc (D:4)
  A scorpion (D:7)
  3 wights (D:7)
  Dowan (D:4)
  A howler monkey (D:5)
  5 hounds
  3 bombardier beetles
  A gnoll bouda (D:7)
  3 orc priests
  Crazy Yiuf (D:2)
  4 iguanas
  Terence (D:2)
  3 orc wizards
  The ghost of middlethird the Chiller, a weakling VSIE (D:4)
  4 gnolls
  6 adders
  2 shadow imps
  2 white imps (D:6)
  6 ufetubi
  6 dart slugs
  A ribbon worm (D:2)
  21 orcs
  5 bats
  7 endoplasms
  2 giant cockroaches (D:4)
  5 hobgoblins
  10 kobolds
  2 quokkas
  12 ball pythons
  7 goblins
  5 rats
156 creatures vanquished.

Notes
Turn   | Place    | Note
-------+----------+-------------------------------------------
     0 | D:1      | imdaedric the Troll Gladiator began the quest for the Orb.
     0 | D:1      | Reached XP level 1. HP: 19/19 MP: 0/0
   261 | D:1      | Reached XP level 2. HP: 26/28 MP: 1/1
  1006 | D:2      | Reached XP level 3. HP: 27/35 MP: 2/2
  1139 | D:2      | Noticed Terence
  1145 | D:2      | Killed Terence
  1192 | D:2      | Reached XP level 4. HP: 44/44 MP: 3/3
  1352 | D:2      | Found a runed translucent door.
  1353 | D:2      | Noticed Crazy Yiuf
  1359 | D:2      | Killed Crazy Yiuf
  1461 | D:3      | Reached skill level 4 in Unarmed Combat
  1580 | D:3      | Found a faded altar of an unknown god.
  2286 | D:4      | Noticed Blork the orc
  2342 | D:4      | Killed Blork the orc
  2343 | D:4      | Reached XP level 5. HP: 35/52 MP: 4/4
  2520 | D:4      | Noticed a black bear
  2526 | D:4      | Killed a black bear
  2527 | D:4      | Reached XP level 6. HP: 51/61 MP: 5/5
  2641 | D:4      | Noticed Duvessa
  2641 | D:4      | Noticed Dowan
  2655 | D:4      | Killed Duvessa
  2656 | D:4      | Reached skill level 1 in Shapeshifting
  2662 | D:4      | Killed Dowan
  2664 | D:4      | Gained mutation: You are frail. (-10% HP) [potion of
                  | mutation]
  2664 | D:4      | Gained mutation: You possess an exceptional clarity of
                  | mind. [potion of mutation]
  2840 | D:4      | Reached XP level 7. HP: 42/60 MP: 6/6
  2933 | D:4      | Reached skill level 5 in Unarmed Combat
  3116 | D:4      | Found a runed translucent door.
  3121 | D:4      | Noticed middlethird's ghost (weakling VSIE)
  3127 | D:4      | Killed middlethird's ghost
  3232 | D:5      | Entered Level 5 of the Dungeon
  3595 | D:5      | Reached XP level 8. HP: 34/71 MP: 7/7
  3838 | D:5      | Identified the +10 mace "Xaym" {flame, rElec rPois Int+3
                  | Dex-4}
  4025 | D:6      | Found a glowing golden altar of the Shining One.
  4107 | D:6      | Reached skill level 5 in Throwing
  4107 | D:6      | Reached skill level 6 in Unarmed Combat
  4119 | D:6      | Found a staircase to the Ecumenical Temple.
  4131 | Temple   | Entered the Ecumenical Temple
  4142 | Temple   | Became a worshipper of Warmaster Okawaru
  4189 | D:6      | Found a snail-covered altar of Cheibriados.
  4240 | D:6      | Found a runed translucent door.
  4243 | D:6      | Noticed Curundu's ghost (novice MiBe)
  4408 | D:6      | Found a runed translucent door.
  4853 | D:7      | Reached skill level 5 in Fighting
  4958 | D:7      | Reached * piety under Okawaru
  4977 | D:6      | Reached XP level 9. HP: 16/79 MP: 8/8
  5154 | D:7      | Identified a scroll of acquirement
  5154 | D:7      | Acquired the +1 hat "Virhioqu" {Harm rPois}
  5311 | D:7      | Found a runed translucent gate.
  5311 | D:7      | Found a runed translucent gate.
  5311 | D:7      | Found a runed translucent gate.
  5315 | D:7      | Noticed runthedishwasher's ghost (novice OpCj)
  5328 | D:7      | Noticed Menkaure
  5332 | D:7      | Killed Menkaure
  5361 | D:7      | Reached skill level 7 in Unarmed Combat
  5411 | D:7      | Found a flagged portal.
  5422 | Bailey   | Entered a bailey
  5451 | Bailey   | Reached skill level 5 in Shapeshifting
  5474 | Bailey   | Reached ** piety under Okawaru
  5556 | Bailey   | Noticed Prince Ribbit
  5556 | Bailey   | Noticed a vault guard
  5575 | Bailey   | Mangled by a vault guard

Illustrated notes

Levels and vault maps discovered:
D:1:      orjb1_lava_funnel, layout_basic, minmay_pentomino_v4
D:2:      layout_loops_ring, serial_glass, glass_columns_c, glass_columns_b,
          glass_columns_b, glass_columns_b, glass_columns_b,
          due_unseen_surprise, kennysheep_decorative_pillar,
          minmay_goblin_kobold_house, uniq_terence, uniq_crazy_yiuf_cottage
D:3:      layout_basic, hellmonk_ecumenical_altar_leap_of_faith
D:4:      layout_loops_cross, ebering_ghost_reflecting_pool, uniq_blork_the_orc,
          uniq_duvessa
D:5:      layout_loops_ring
D:6:      layout_loops_cross, mainiacjoe_overflow_catch_the_wave,
          minmay_temple_entry_offerings, ebering_ghost_sewer_f,
          minmay_misc_feat_diagonals
D:7:      layout_cave_pools, ebering_ghost_rock_garden, enter_bailey_7,
          uniq_menkaure
Temple:   nicolae_temple_bog_church
Bailey:   bailey_axe_froggy_fort_hellmonk, bailey

Skill      XL: |  1  2  3  4  5  6  7  8  9 |
---------------+----------------------------+-----
Throwing       | 2 3 4 5 6 |  6.5
Fighting       | 2 3 4 5 6 |  6.0
Unarmed Combat | 4 5 6 7 |  7.6
Shapeshifting  | 1 3 4 5 |  5.4
Maces & Flails | |  0.3
Dodging        | |  2.8

Action                     |  1- 3 |  4- 6 |  7- 9 || total
---------------------------+-------+-------+-------++-------
  Melee: Unarmed           |    64 |    98 |   280 ||   442
         Punch             |       |     5 |     8 ||    13
         Mace              |       |       |     4 ||     4
    Use: Scroll            |     3 |     3 |    13 ||    19
         Potion            |       |     4 |     2 ||     6
   Stab: Sleeping          |       |       |     4 ||     4
 Armour: Robe              |    51 |    63 |   146 ||   260
         Steam dragon scal |       |       |    63 ||    63
  Dodge: Dodged            |    28 |    38 |   144 ||   210
